 Dungeon Crawl Stone Soup version 0.26-a0-1040-gbe3abf3417 (webtiles) character file.

Game seed: 13516763347790607478

3493 dickylongcocking the Tainter (level 10, -11/63 HPs)
             Began as a Formicid Venom Mage on Dec 12, 2020.
             Mangled by an orc knight
             ... wielding a +0 halberd
              (19 damage)
             ... in a bailey.
             The game lasted 00:09:00 (11182 turns).

dickylongcocking the Tainter (Formicid Venom Mage) Turns: 11182, Time: 00:09:00

Health: -11/63     AC:  7    Str: 10    XL:     10   Next: 28%
Magic:  8/23       EV: 14    Int: 19    God:
Gold:   402        SH:  0    Dex: 11    Spells: 18/28 levels left

rFire    + . .     SeeInvis +   w - +10 zealot's sword {holy, *Rage rN+ EV+3}
rCold    . . .     Faith    .   (no shield)
rNeg     + . .     Spirit   .   e - +0 leather armour
rPois    +         Reflect  .   (helmet unavailable)
rElec    +         Harm     .   (no cloak)
rCorr    .         Rampage  .   (no gloves)
Will     +....                  h - +1 pair of boots
Stlth    ++........             (no amulet)
HPRegen  0.20/turn              d - ring of fire
MPRegen  0.18/turn              k - ring of protection from cold

@: radiating poison
A: permanent stasis, dig shafts and tunnels, four strong arms, antennae 3, slimy
green scales 1, poison resistance, electricity resistance, weak 1
a: Dig, Shaft Self


You were in a bailey.
You visited 1 branch of the dungeon, and saw 8 of its levels.
You also visited: Bailey.

You collected 402 gold pieces.

Inventory:

Hand Weapons
 c - a +0 short sword
 g - a +0 flail of draining
 n - a +0 quarterstaff
 w - the +10 zealot's sword (weapon) {holy, *Rage rN+ EV+3}
   (You found it on level 5 of the Dungeon)

   It has been blessed by the Shining One to cause great damage to the undead
   and demons.
   It affects your evasion (+3).
   It protects you from negative energy.
   It may make you go berserk in combat.
Armour
 a - a +0 robe
 e - a +0 leather armour (worn)
 h - a +1 pair of boots (worn)
Magical Staves
 u - an uncursed staff of death
Jewellery
 d - a ring of fire (left hand)
 k - a ring of protection from cold (right hand)
 E - an uncursed ring of wizardry {unknown}
Wands
 r - a wand of digging (4)
 A - a wand of random effects (17)
 D - a wand of flame (17)
Scrolls
 b - 6 scrolls of remove curse
 j - 10 scrolls of identify {unknown}
 l - 3 scrolls of enchant armour
 t - a scroll of immolation {unknown}
 v - 4 scrolls of blinking {unknown}
 y - a scroll of noise {unknown}
 z - a scroll of fear {unknown}
 C - a scroll of magic mapping {unknown}
 F - a scroll of fog
 G - a scroll of amnesia {unknown}
 I - a scroll of acquirement {unknown}
Potions
 f - 4 potions of lignification {unknown}
 i - a potion of mutation
 m - 3 potions of might {unknown}
 o - a potion of attraction {unknown}
 p - 2 potions of flight {unknown}
 q - a potion of ambrosia {unknown}
 s - 4 potions of curing {unknown}
 x - a potion of invisibility {unknown}
 B - a potion of haste {unknown}
 H - a potion of heal wounds {unknown}


   Skills:
 - Level 2.0 Armour
 - Level 1.7 Dodging
 - Level 2.4 Stealth
 * Level 9.6 Spellcasting
 - Level 4.0 Transmutations
 * Level 12.8 Poison Magic


You had 18 spell levels left.
You knew the following spells:

 Your Spells              Type           Power        Failure   Level
a - Sting                 Tmut/Pois      ####         1%          1
b - Poisonous Vapours     Pois/Air       ####..       1%          2
d - Olgreb's Toxic Radia  Pois           ######..     1%          4
i - Ignite Poison         Fire/Tmut/Pois #####...     3%          3

Your spell library contained the following spells:

 Spells                   Type           Power        Failure   Level
 Mephitic Cloud           Conj/Pois/Air  ####....     5%          3
 Magic Dart               Conj           #...         11%         1
 Call Imp                 Summ           #.......     16%         2
 Slow                     Hex            #.......     16%         2
 Conjure Flame            Conj/Fire      ##......     30%         3
 Blink                    Tloc           Unusable     N/A         2

Dungeon Overview and Level Annotations

Branches:
Dungeon (8/15)             Temple (0/1) D:6          Bailey (1/1)
   Lair: D:8-11

Altars:
Ashenzari
Cheibriados
Ru
Trog
Uskayaw
Vehumet
Wu Jian
Xom
Yredelemnul
Zin

Annotations:
D:5 3 runed translucent doors, Dittersdorf's ghost, novice GrFi


Innate Abilities, Weirdness & Mutations

You cannot be hasted, slowed, berserked, paralysed or teleported.
You can dig through walls and to a lower floor.
Your four strong arms can wield two-handed weapons with a shield.
You have a pair of large antennae on your head. (SInv)
You are partially covered in slimy green scales. (AC +2)
Your system is resistant to poisons. (rPois)
You are resistant to electric shocks. (rElec)
You are weak. (Str -2)


Message History

The orc warrior hits you from afar with a +0 glaive!!!
Ouch! That really hurt!
* * * LOW HITPOINT WARNING * * *
Unknown command.
Unknown command.
Casting: Olgreb's Toxic Radiance (dangerous; 1% risk of failure)
Confirm with . or Enter, or press ? or * to list all spells.
You feel a surge of power!
You ignite the poison in your surroundings!
The orc knight seems to burn from within!!!
The orc knight is severely wounded.
The orc warrior seems to burn from within!!
You kill the orc warrior!
The orc warrior seems to burn from within!!!
You kill the orc warrior!
The orc warrior seems to burn from within!!!!
You kill the orc warrior!
The orc knight is poisoned.
The orc knight hits you from afar with a +0 halberd!!
You die...

..≈≈#.#≈≈≈≈≈≈≈≈≈≈
..≈##.##≈≈≈≈≈≈≈≈≈
(.≈))^..≈≈≈≈≈≈≈≈≈ {
..≈##.∩#≈≈≈≈≈≈≈≈
.(≈≈#.#≈≈≈≈≈≈####### {
.(≈≈≈≈≈≈≈≈≈≈≈##≈≈≈≈##
.(≈≈≈≈≈≈≈≈≈≈≈##≈≈≈≈≈##
.(≈≈≈≈≈≈≈≈≈≈≈##'''#≈≈##
..≈≈≈≈≈≈≈##≈≈##∩@∩##≈≈#
.(≈≈≈)≈≈≈##≈####'####≈#
..≈≈≈≈≈≈≈##≈')#)o)#)'≈#
(.≈≈≈)≈≈≈##≈###._.###≈#
..≈≈≈≈≈≈≈##≈')#[.=#.)≈#
..≈≈≈≈≈≈≈##≈#########≈#
..≈≈≈≈≈≈≈≈#≈≈##)#)##≈≈#
..≈≈≈≈≈≈≈≈##≈≈#'#'#≈≈##
..≈≈≈≈≈≈≈≈≈##≈≈≈≈≈≈≈##


You could see an orc knight (poisoned).

Vanquished Creatures
  Eustachio (D:6)
  13 orc warriors
  3 sky beasts
  3 ogres
  2 phantoms
  A centaur (D:8)
  A big kobold (D:7)
  4 bullfrogs
  3 scorpions
  3 wights (D:7)
  A bullfrog zombie (D:6)
  A jelly (D:6)
  4 hounds
  3 orc priests
  An orc wizard (D:5)
  Ijyb (D:4)
  2 iguanas
  6 worker ants
  3 hound skeletons
  Robin (D:2)
  A howler monkey zombie (D:6)
  10 gnolls
  13 adders
  A howler monkey skeleton (D:4)
  A white imp (D:7)
  3 shadow imps
  An ufetubus (D:6)
  4 oozes
  An adder zombie (D:5)
  A worm (D:3)
  3 leopard geckos
  27 orcs
  9 giant cockroaches
  15 goblins
  16 hobgoblins
  16 jackals
  10 kobolds
  5 quokkas
  2 ball pythons
  7 bats
  6 frilled lizards
  2 jackal skeletons
  2 leopard gecko skeletons (D:4)
  9 rats
222 creatures vanquished.

Vanquished Creatures (others)
  An adder (D:2)
  12 plants (D:5)
13 creatures vanquished.

Grand Total: 235 creatures vanquished

Notes
Turn   | Place    | Note
-------+----------+-------------------------------------------
     0 | D:1      | dickylongcocking the Formicid Venom Mage began the quest
                  | for the Orb.
     0 | D:1      | Reached XP level 1. HP: 13/13 MP: 3/3
   276 | D:1      | Reached XP level 2. HP: 17/19 MP: 0/5
   977 | D:1      | Reached XP level 3. HP: 24/24 MP: 3/6
  1522 | D:2      | Found a radiant altar of Vehumet.
  1668 | D:2      | Reached skill level 5 in Poison Magic
  1941 | D:1      | Learned a level 2 spell: Poisonous Vapours
  1945 | D:1      | Learned a level 3 spell: Ignite Poison
  2237 | D:2      | Reached XP level 4. HP: 27/30 MP: 7/7
  2458 | D:2      | Noticed Robin
  2700 | D:2      | Found a snail-covered altar of Cheibriados.
  2832 | D:2      | Killed Robin
  2833 | D:2      | Reached XP level 5. HP: 26/35 MP: 1/8
  2841 | D:2      | Found a glowing silver altar of Zin.
  3474 | D:3      | Found a broken altar of Ashenzari.
  3507 | D:3      | Found a basalt altar of Yredelemnul.
  3546 | D:3      | Reached skill level 6 in Poison Magic
  4410 | D:3      | Reached XP level 6. HP: 30/41 MP: 4/10
  4745 | D:3      | Gained mutation: Your system is resistant to poisons.
                  | (rPois) [potion of mutation]
  4745 | D:3      | Gained mutation: You are partially covered in slimy green
                  | scales. (AC +2) [potion of mutation]
  4745 | D:3      | Gained mutation: You are weak. (Str -2) [potion of
                  | mutation]
  4745 | D:3      | Gained mutation: You are resistant to electric shocks.
                  | (rElec) [potion of mutation]
  4762 | D:3      | Learned a level 4 spell: Olgreb's Toxic Radiance
  5163 | D:3      | Found an ornate altar of the Wu Jian Council.
  5451 | D:3      | Found a bloodstained altar of Trog.
  5979 | D:4      | Reached XP level 7. HP: 45/46 MP: 8/12
  5988 | D:4      | Reached skill level 1 in Armour
  5988 | D:4      | Reached skill level 7 in Poison Magic
  6164 | D:4      | Noticed Ijyb
  6173 | D:4      | Killed Ijyb
  6485 | D:5      | Entered Level 5 of the Dungeon
  6911 | D:5      | Reached skill level 5 in Spellcasting
  6911 | D:5      | Reached skill level 8 in Poison Magic
  6911 | D:5      | Reached XP level 8. HP: 52/52 MP: 6/15
  7074 | D:5      | Found the +10 zealot's sword {holy, *Rage rN+ EV+3}
  7159 | D:5      | Noticed Dittersdorf's ghost (novice GrFi)
  7161 | D:5      | Found a runed translucent gate.
  7161 | D:5      | Found a runed translucent gate.
  7161 | D:5      | Found a runed translucent gate.
  7360 | D:5      | Reached skill level 9 in Poison Magic
  8437 | D:6      | Noticed Eustachio
  8444 | D:6      | Killed Eustachio
  8445 | D:6      | Reached skill level 10 in Poison Magic
  8445 | D:6      | Reached XP level 9. HP: 57/57 MP: 2/19
  9000 | D:6      | Found a staircase to the Ecumenical Temple.
  9517 | D:7      | Reached skill level 11 in Poison Magic
  9864 | D:7      | Found a hide-covered altar of Uskayaw.
  9920 | D:8      | Found a sacrificial altar of Ru.
  9939 | D:8      | Found a shimmering altar of Xom.
 10170 | D:8      | Found a flagged portal.
 10179 | Bailey   | Entered a bailey
 10212 | Bailey   | Reached skill level 12 in Poison Magic
 10212 | Bailey   | Reached XP level 10. HP: 63/63 MP: 14/22
 11178 | Bailey   | Found a roughly hewn altar of Beogh.
 11178 | Bailey   | Noticed an orc knight
 11182 | Bailey   | Mangled by an orc knight

Illustrated notes

Levels and vault maps discovered:
D:1:      kennysheep_arrival_seaside, layout_loops_corners
D:2:      layout_rooms, fiery_altar_vehumet, nicolae_overflow_crystal_walls,
          cheibriados_altar_1, chequers_serial_rivers_micro_a, uniq_robin
D:3:      minmay_chambers_of_threes, layout_loops_corners,
          nicolae_ashenzari_panopticon, overflow_temple_1_default,
          lemuel_crystal_altar, trog_hazing_becter
D:4:      layout_basic, grunt_ministairs_15, uniq_ijyb
D:5:      minmay_opposing_rooms, layout_loops_ring, gammafunk_ghost_split,
          serial_bayou_lagoon_a
D:6:      layout_basic, minmay_temple_entry_statues_pillars, serial_curves,
          eino_curves_02, eino_curves_03, eino_curves_03, uniq_eustachio
D:7:      layout_cave_pools, nicolae_overflow_hidden_temple
D:8:      layout_basic, kiku_gazebo_pond_becter, kennysheep_mini,
          enter_bailey_6, xom_teletrap_fun
Bailey:   bailey_polearm_2, bailey

Skill      XL: |  1  2  3  4  5  6  7  8  9 10 |
---------------+-------------------------------+-----
Transmutations | 2 3 4 |  4.0
Poison Magic   | 5 6 8 10 12 | 12.8
Spellcasting   | 3 5 7 8 9 |  9.6
Armour         | 2 |  2.0
Dodging        | |  1.7
Stealth        | |  2.4

Action                   |  1- 3 |  4- 6 |  7- 9 | 10-12 || total
-------------------------+-------+-------+-------+-------++-------
Melee: Unarmed           |     1 |       |       |       ||     1
       Short sword       |    49 |    47 |       |       ||    96
       Flail             |       |    63 |       |       ||    63
       Quarterstaff      |       |       |    22 |       ||    22
       Eudemon blade     |       |       |    64 |       ||    64
 Cast: Sting             |    45 |   112 |    10 |       ||   167
       Olgreb's Toxic Ra |       |    11 |    32 |    15 ||    58
       Ignite Poison     |       |     2 |    26 |    14 ||    42
 Abil: Dig               |       |     1 |     1 |       ||     2
  Use: Scroll            |       |     4 |       |       ||     4
       Potion            |       |     2 |       |       ||     2
 Stab: Sleeping          |       |     1 |     1 |       ||     2
       Distracted        |       |       |     1 |       ||     1
Armor: Robe              |     2 |       |       |       ||     2
       Leather armour    |    20 |    60 |    45 |     3 ||   128
Dodge: Dodged            |    59 |   145 |    92 |    22 ||   318
       Rpst.: Eudemon blade |       |       |    16 |       ||    16

Table legend: (Time is in decaauts)
 A = Elapsed time spent in this place.
 B = Non-inter-level travel time spent in this place.
 C = Inter-level travel time spent in this place.
 D = Time resting spent in this place.
 E = Time spent auto-exploring this place.
 F = Levels seen in this place.
 G = Mean time per level.
                   A        B        C        D        E       F      G
               +--------+--------+--------+--------+--------+-----+--------+
         Total |  11296 |  11094 |    202 |   2393 |   7203 |   9 | 1255.1 |
       Dungeon |  10261 |  10059 |    202 |   1714 |   6951 |   8 | 1282.6 |
        Bailey |   1034 |   1034 |      0 |    679 |    252 |   1 | 1034.0 |
               +--------+--------+--------+--------+--------+-----+--------+

Top non-repeatable levels by time:
     D:1: 2434 daAuts
     D:3: 2149 daAuts
     D:6: 1508 daAuts
     D:5: 1219 daAuts
     D:2: 1039 daAuts
  Bailey: 1034 daAuts
     D:4: 908 daAuts
     D:7: 701 daAuts
     D:8: 300 daAuts
